AoeStats
← Nodscouter

Arabia

508447167Analyzed
1v1 RM · 24d ago on Sep 22, 2026· 24m 24s· 2 players
Game mode
Random Map
Map size
Tiny (2 player)
Population
200
Speed
Normal
Resources
Standard
Victory
Conquest
Starting age
Dark Age
Ending age
Imperial Age
RankedLock teamsTeams togetherTeam positionsShared explorationLock speedFull tech treeHidden civsTurbo modeCheats
Victory
Defeat
🇸🇪 Bohemians · Sweden
1778
+11
vs
🇪🇸 Portuguese · Spain
1666
-11
JayJotaOfficial
5:06 Loom
10:11 Feudal Age
11:11 Double-Bit Axe
16:29 Fletching
18:43 Padded Archer Armor
22:30 Castle Age
21:35 Scale Barding Armor
21:22 Horse Collar
22:37 Bloodlines
22:41 Elite Skirmisher
23:17 Bodkin Arrow
Nodscouter
7:11 Loom
9:15 Feudal Age
13:03 Fletching
13:49 Double-Bit Axe
16:48 Wheelbarrow
21:09 Castle Age
19:29 Horse Collar
21:12 Crossbowman
22:22 Bow Saw
22:11 Bodkin Arrow
24:15 Chemistry
Connection lost

Rejoining the realm…

Still unreachable

The connection could not be restored.

Session expired

The server has moved on; the page needs a fresh start.